 Dungeon Crawl Stone Soup version 0.31-a0-986-g5e6e4ef867 (webtiles) character file.

Game seed: 4721862117714438415

1778 Crabhammer the Martial Artist (level 9, 0/52 (55) HPs)
             Began as an Octopode Shapeshifter on Nov 22, 2023.
             Slain by a wight
             ... wielding a +7 dire flail
              (10 damage)
             ... on level 7 of the Dungeon on Nov 23, 2023.
             The game lasted 00:27:06 (6483 turns).

Crabhammer the Martial Artist (OpSh)                Turns: 6483, Time: 00:27:10

HP:   0/52 (55)     AC:  1    Str: 13    XL:     9   Next: 8%
MP:   0/9           EV: 20    Int: 13    God:
Gold: 297           SH:  0    Dex: 21    Spells: 8/8 levels left

rFire   . .          .
                       - Unarmed
rCold   . . .        (no shield)
rNeg    . . .        (helmet currently unavailable)
rPois   +            j - amulet of guardian spirit
rElec   .            e - ring of poison resistance
rCorr   .            k - +5 ring of evasion
SInv    .            B - +6 ring of dexterity
Will    .....        (no ring)
Stlth   +++          (no ring)
HPRegen 0.28/turn    (no ring)
MPRegen 0.11/turn    (no ring)
                     (no ring)

%: guardian spirit
@: beast-form, drained
A: beast (slay +3), almost no armour, amphibious, 8 rings, camouflage 1,
gelatinous body 1, (nimble swimmer 1), tentacles
a: Begin Untransformation


You were on level 7 of the Dungeon.
You were a hulking beast.
You visited 2 branches of the dungeon, and saw 8 of its levels.

You collected 297 gold pieces.

Inventory:

Missiles
 d - 6 poisoned darts
 g - 5 boomerangs (quivered)
Armour
 z - a +1 hat
Jewellery
 e - a ring of poison resistance (left tentacle)
 f - a ring of ice
 j - an amulet of guardian spirit (around mantle)
 k - a +5 ring of evasion (right tentacle)
 B - a +6 ring of dexterity (on tentacle)
Talismans
 b - a beast talisman (active)
 c - a flux talisman
Wands
 h - a wand of charming (6)
 D - a wand of iceblast (7)
Scrolls
 i - 3 scrolls of blinking
 l - 4 scrolls of teleportation
 p - 2 scrolls of identify
 r - a scroll of fear
 s - a scroll of torment {unknown}
 t - a scroll of immolation
 x - a scroll of revelation
 y - a scroll of enchant weapon
 C - a scroll of amnesia
Potions
 a - 3 potions of lignification
 m - 2 potions of attraction
 n - a potion of invisibility
 o - 2 potions of enlightenment
 q - 4 potions of cancellation
 u - a potion of mutation
 v - 4 potions of curing
 w - a potion of heal wounds
 A - a potion of brilliance
 E - a potion of might


   Skills:
 - Level 2.5 Fighting
 - Level 4.1 Dodging
 - Level 9.4 Unarmed Combat
 - Level 0.4 Evocations
 + Level 5.8 Shapeshifting


You had 8 spell levels left.
You didn't know any spells.
Your spell library contained the following spells:

 Spells                   Type           Power      Damage    Failure   Level
 Magic Dart               Conj           0%         1d3       30%         1
 Slow                     Hex            0%         N/A       30%         1
 Ensorcelled Hibernation  Hex/Ice        0%         N/A       43%         2
 Passwall                 Tmut/Erth      0%         N/A       43%         2
 Searing Ray              Conj           0%         2d4       43%         2
 Sublimation of Blood     Necr           0%         N/A       43%         2
 Wereblood                Tmut           0%         N/A       43%         2
 Confusing Touch          Hex            0%         N/A       67%         3
 Sigil of Binding         Hex            0%         N/A       67%         3
 Swiftness                Air            0%         N/A       67%         3
 Vampiric Draining        Necr           0%         2d6       67%         3
 Fulminant Prism          Conj/Hex       0%         3d5       97%         4
 Petrify                  Tmut/Erth      0%         N/A       97%         4
 Irradiate                Conj/Tmut      0%         3d11      100%        5
 Eringya's Noxious Bog    Tmut/Pois      0%         4d6       100%        6
 Simulacrum               Ice/Necr       0%         N/A       100%        6
 Ozocubu's Refrigeration  Ice            0%         4d7       100%        7
 Ignition                 Fire           0%         3d3       100%        8
 Polar Vortex             Ice            0%         N/A       100%        9


Dungeon Overview and Level Annotations

Branches:
Dungeon (7/15)             Temple (1/1) D:4

Altars:
Cheibriados
Dithmenos
Elyvilon
Fedhas
Gozag
Hepliaklqana
Kikubaaqudgha
Makhleb
Nemelex Xobeh
Okawaru
Qazlal
Ru
Sif Muna
Trog
Uskayaw
Vehumet
Xom
Yredelemnul
Zin
The Shining One


Innate Abilities, Weirdness & Mutations

You are a hulking beast.
Your limbs bulge with bestial killing power. (Slay +3)
You cannot wear most types of armour.
You are amphibious.
You can wear up to eight rings at the same time.
Your skin changes colour to match your surroundings (Stealth+).
Your rubbery body absorbs attacks. (AC +1, EV +1)
((You are camouflaged when in or above water. (Stealth+)))
You have tentacles for arms and can constrict up to eight enemies at once.


Message History

You squeeze the wight, but do no damage.
The wight is almost destroyed.
You constrict the wight, but do no damage.
The wight misses you.
You tentacle-slap the wight.
You destroy the wight!
Things that are here:
a +1 long sword of protection; a +0 robe You tentacle-slap the wight.
You grab the wight. You tentacle-slap the wight.
The wight is heavily damaged.
You constrict the wight.
The wight hits you with a +3 short sword of freezing!
You feel drained. The wight freezes you.
You tentacle-slap the wight but do no damage.
You tentacle-slap the wight. You squeeze the wight.
You destroy the wight!
Your life force feels restored.
There is a stone staircase leading up here.
You climb upwards.
There is a stone staircase leading down here.
You start resting.
HP restored.
You climb downwards.
The wight hits you with a +7 dire flail!!
The wight closely misses you.
There is a stone staircase leading up, spattered with blood here.
You tentacle-slap the wight but do no damage.
Your grab misses the wight. You tentacle-slap the wight.
The wight is lightly damaged.
You closely miss the wight. You grab the wight.
The wight is lightly damaged.
You constrict the wight.
The wight hits you with a +7 dire flail!
You tentacle-slap the wight but do no damage.
The wight is lightly damaged.
You constrict the wight.
The wight hits you with a +7 dire flail!!
* * * LOW HITPOINT WARNING * * *
You feel drained.
You die...

##...# #.....[....#
.....# #..........##
.....# #...........#
.....## #...........##
......# #............#
......# #............#
......#
#............###########
......##
##............##########
.......#
#.....h......##########
.......#
#.....z........#######.
.......#
##......####.....####..
.......#
##...######..........#
.......# ##..##
####...†.....## .......#
##..## #####..<......#
.......# #...#
#####.......... .......#
##..## #####........#.
......####..##
#####.......###


You could see a wight.

Vanquished Creatures
  Menkaure (D:4)
  A water moccasin (D:7)
  2 black bears
  2 ice beasts (D:7)
  A sky beast (D:5)
  2 bullfrogs
  3 scorpions
  3 wights (D:7)
  An electric eel (D:6)
  A gnoll bouda (D:4)
  6 hounds
  2 iguanas
  A jelly (D:5)
  A sleepcap (D:6)
  2 orc wizards
  10 gnolls
  6 adders
  2 white imps
  4 ufetubi
  A worm (D:3)
  A dart slug (D:4)
  9 orcs
  2 endoplasms
  2 giant cockroaches
  3 goblins
  8 hobgoblins
  2 quokkas
  4 ball pythons
  4 bats
  2 frilled lizards
  4 kobolds
  6 rats
99 creatures vanquished.

Vanquished Creatures (collateral kills)
  A ball python (D:4)
1 creature vanquished.

Vanquished Creatures (others)
  2 gnolls
  An adder (D:4)
3 creatures vanquished.

Grand Total: 103 creatures vanquished

Notes
Turn   | Place    | Note
-------+----------+-------------------------------------------
     0 | D:1      | Crabhammer the Octopode Shapeshifter began the quest for
                  | the Orb.
     0 | D:1      | Reached XP level 1. HP: 13/13 MP: 1/1
   200 | D:1      | Reached XP level 2. HP: 18/18 MP: 2/2
   633 | D:2      | Identified the of Iclit
   845 | D:2      | Reached skill level 4 in Unarmed Combat
   845 | D:2      | Reached XP level 3. HP: 14/23 MP: 3/3
  1344 | D:3      | Found a shimmering altar of Xom.
  1344 | D:3      | Found a stormy altar of Qazlal.
  1344 | D:3      | Found a burning altar of Makhleb.
  1344 | D:3      | Found a basalt altar of Yredelemnul.
  1344 | D:3      | Found a sparkling altar of Nemelex Xobeh.
  1467 | D:3      | Reached XP level 4. HP: 18/28 MP: 4/4
  1712 | D:3      | Reached skill level 5 in Unarmed Combat
  1870 | D:3      | Found a glowing silver altar of Zin.
  1871 | D:3      | Found an ancient bone altar of Kikubaaqudgha.
  2007 | D:3      | Reached XP level 5. HP: 33/33 MP: 5/5
  2360 | D:4      | Found a staircase to the Ecumenical Temple.
  2370 | Temple   | Entered the Ecumenical Temple
  2442 | D:4      | Reached skill level 6 in Unarmed Combat
  2442 | D:4      | Reached XP level 6. HP: 37/38 MP: 6/6
  2602 | D:4      | Noticed Menkaure
  2817 | D:5      | Entered Level 5 of the Dungeon
  2911 | D:4      | Killed Menkaure
  3054 | D:4      | Reached XP level 7. HP: 36/43 MP: 5/7
  3479 | D:5      | Reached skill level 7 in Unarmed Combat
  4834 | D:5      | Reached skill level 8 in Unarmed Combat
  4834 | D:5      | Reached XP level 8. HP: 27/48 MP: 4/8
  5514 | D:7      | Identified the +0 robe "Caehiydd" {rElec Int+2}
  5698 | D:7      | Reached skill level 5 in Shapeshifting
  5790 | D:7      | Reached skill level 9 in Unarmed Combat
  6328 | D:7      | Reached XP level 9. HP: 50/55 MP: 7/9
  6483 | D:7      | Slain by a wight

Illustrated notes

Levels and vault maps discovered:
D:1:      lightli_arrival_chessboard, layout_loops_ring
D:2:      layout_loops_ring
D:3:      layout_loops_ring, gammafunk_temple_overflow_statue,
          grunt_temple_overflow_open
D:4:      layout_loops_cross, minmay_temple_entry_offerings, uniq_menkaure
D:5:      lemuel_ice_spiral_2, layout_basic, serial_corexii_hall,
          chequers_hall_statues_y, corexii_hall_statues_l,
          corexii_hall_statues_i, chequers_hall_statues_y
D:6:      layout_cave_pools, serial_park, serial_park_avenue1,
          serial_park_tiny_pond, serial_park_gazebo
          [serial_park_minivault_5x5_8], serial_park_tiny_pond,
          serial_bayou_pond_c
D:7:      layout_cave_pods, nicolae_tricolors
Temple:   nicolae_temple_bog_church

Skill      XL: |  1  2  3  4  5  6  7  8 |
---------------+-------------------------+-----
Unarmed Combat | 4 5 6 8 9 |  9.4
Dodging        | 3 4 |  4.1
Shapeshifting  | 4 5 |  5.8
Fighting       | 2 |  2.5
Evocations     | |  0.4

Action                     |  1- 3 |  4- 6 |  7- 9 || total
---------------------------+-------+-------+-------++-------
  Melee: Unarmed           |    48 |    75 |   132 ||   255
         Constrict         |    10 |    21 |    28 ||    59
         Tentacles         |     9 |    18 |    33 ||    60
         Punch             |     3 |     5 |    13 ||    21
  Throw: Boomerang         |       |    10 |     2 ||    12
  Evoke: Wand              |       |     3 |       ||     3
    Use: Scroll            |     7 |     5 |     9 ||    21
   Stab: Sleeping          |     6 |     2 |     1 ||     9
 Armour: Skin              |    16 |    16 |    37 ||    69
  Dodge: Dodged            |    20 |    49 |    85 ||   154
   Form: Beast             |       |       |     2 ||     2
         Flux              |       |       |     2 ||     2

Table legend: (Time is in decaauts)
 A = Elapsed time spent in this place.
 B = Non-inter-level travel time spent in this place.
 C = Inter-level travel time spent in this place.
 D = Time resting spent in this place.
 E = Time spent auto-exploring this place.
 F = Levels seen in this place.
 G = Mean time per level.
                   A        B        C        D        E       F      G
               +--------+--------+--------+--------+--------+-----+--------+
         Total |   6457 |   5757 |    700 |    819 |   2989 |   8 |  807.1 |
       Dungeon |   6455 |   5755 |    700 |    819 |   2989 |   7 |  922.1 |
        Temple |      1 |      1 |      0 |      0 |      0 |   1 |    1.0 |
               +--------+--------+--------+--------+--------+-----+--------+

Top non-repeatable levels by time:
     D:5: 1524 daAuts
     D:7: 962 daAuts
     D:4: 928 daAuts
     D:3: 878 daAuts
     D:6: 794 daAuts
     D:2: 684 daAuts
     D:1: 682 daAuts
  Temple: 1 daAuts
